 Dungeon Crawl Stone Soup version 0.25-a0-366-g516bc45ae0 (webtiles) character file.

Game seed: 16442813224846085509, levelgen mode: deterministic

542894 Kiritani the Slayer (level 27, -2/282 HPs)
             Began as a Formicid Fighter on Jan 5, 2020.
             Was a High Priest of Qazlal.
             Slain by Kinlo the pandemonium lord (8 damage)
             ... on level 10 of a ziggurat on Jan 6, 2020.
             The game lasted 04:19:39 (58272 turns).

Kiritani the Slayer (Formicid Fighter)             Turns: 58272, Time: 04:19:40

Health: -2/282     AC: 42    Str: 27      XL:     27
Magic:  10/37      EV:  7    Int: 15      God:    Qazlal [*****.]
Gold:   3902       SH: 30    Dex:  9 (10) Spells: 23/46 levels left

rFire    + . .     SeeInvis +   a - +9 battleaxe (flame)
rCold    + . .     Gourm    .   x - +2 large shield {reflect}
rNeg     . . .     Faith    .   j - +9 plate armour {ponderous}
rPois    .         Spirit   .   (helmet unavailable)
rElec    +         Reflect  +   H - +1 cloak of Starlight {rElec rC+ EV+4 Stlth--}
rCorr    .         Harm     .   N - +2 pair of gloves {archery}
MR       ++...                  s - +2 pair of boots {Fly}
Stlth    ..........             U - amulet of regeneration
HPRegen  0.97/turn              q - +3 ring of slaying
MPRegen  0.25/turn              I - ring of Sovereignty {+Fly rF+ Str+2 Slay+2 Stlth-}

@: lethally poisoned (-2 -> -3), protected from physical damage, vertigo,
flying, lightly drained, repel missiles, slow
A: permanent stasis, dig shafts and tunnels, four strong arms, antennae 3,
robust 2, weak 1
}: 3/15 runes: decaying, serpentine, silver
a: Dig, Shaft Self, Upheaval, Elemental Force, Disaster Area, Renounce Religion,
Stop Flying


You were on level 10 of a ziggurat.
You worshipped Qazlal.
Qazlal was extremely pleased with you.
You were not hungry.

You visited 8 branches of the dungeon, and saw 40 of its levels.
You visited the Abyss 2 times.
You visited 1 ziggurat, and saw 10 of its levels.
You also visited: Gauntlet and Wizlab.

You collected 6017 gold pieces.
You spent 2115 gold pieces at shops.

Inventory:

Hand Weapons
 a - a +9 battleaxe of flaming (weapon)
 C - the +7 lajatang of Order {silver, rMut}
   (You found it on level 9 of a ziggurat)

   It protects you from mutation.
 Y - a +5 vampiric war axe
Missiles
 k - 55 boomerangs
 m - 2 throwing nets
 y - 17 curare-tipped darts
 M - 6 silver javelins
 W - 16 javelins (quivered)
Armour
 j - a +9 plate armour of ponderousness (worn)
 s - a +2 pair of boots of flying (worn)
 x - a +2 large shield of reflection (worn)
 H - the +1 cloak of Starlight (worn) {rElec rC+ EV+4 Stlth--}
   (You found it on level 1 of the Elven Halls)

   It affects your evasion (+4).
   It protects you from cold.
   It insulates you from electricity.
   It makes you much less stealthy.
 N - a +2 pair of gloves of archery (worn)
Magical Staves
 b - an uncursed staff of wizardry
Jewellery
 h - the ring "Jinah" {rPois rF+}
   (You found it on level 3 of the Elven Halls)

   [ring of protection from fire]

   It protects you from fire.
   It protects you from poison.
 q - a +3 ring of slaying (left hand)
 A - an uncursed ring of positive energy
 I - the ring of Sovereignty (right hand) {+Fly rF+ Str+2 Slay+2 Stlth-}
   (You took it off a Cloud Mage in a wizard's laboratory)

   [ring of flight]

   It affects your strength (+2).
   It affects your accuracy and damage with ranged weapons and melee attacks
   (+2).
   It protects you from fire.
   It lets you fly.
   It makes you less stealthy.
 U - an amulet of regeneration (around neck)
 V - an uncursed ring of positive energy
Wands
 g - a wand of digging (19)
 E - a wand of acid (29)
 K - a wand of iceblast (10)
 R - a wand of clouds (6)
Scrolls
 i - 6 scrolls of immolation
 l - 4 scrolls of fear
 n - 22 scrolls of remove curse
 p - 5 scrolls of fog
 t - 6 scrolls of enchant armour
 F - a scroll of magic mapping
 P - 5 scrolls of identify
Potions
 d - 10 potions of might
 o - 4 potions of heal wounds
 u - a potion of resistance
 v - 13 potions of brilliance
 w - 7 potions of lignification
 z - 11 potions of curing
 B - 5 potions of ambrosia
 D - 3 potions of magic
 G - 4 potions of agility
 J - 8 potions of cancellation
 L - 4 potions of flight
 X - a potion of invisibility
 Z - 3 potions of mutation
Miscellaneous
 c - a phial of floods
 r - a lamp of fire
 S - 3 boxes of beasts
 T - 8 phantom mirrors
Comestibles
 f - 56 rations
 O - 7 chunks of flesh


   Skills:
 + Level 23.2(22.5) Fighting
 - Level 20.0(19.3) Axes
 - Level 14.0(13.4) Throwing
 * Level 21.4(20.7) Armour
 - Level 15.0(14.3) Shields
 * Level 10.3(9.7) Spellcasting
 - Level 6.4(5.9) Charms
 * Level 11.3(10.7) Summonings
 * Level 9.5(8.9) Air Magic
 - Level 11.0(10.4) Invocations
 - Level 5.2(4.7) Evocations


You had 23 spell levels left.
You knew the following spells:

 Your Spells              Type           Power        Failure   Level  Hunger
a - Song of Slaying       Chrm           ####....     14%         2    None
b - Inner Flame           Hex/Fire       #.......     91%         3    #......
c - Swiftness             Chrm/Air       ####....     9%          2    None
d - Summon Lightning Spi  Summ/Air       #####...     17%         4    ###....
e - Airstrike             Air            ####......   24%         4    ###....
f - Summon Guardian Gole  Hex/Summ       ###.....     30%         3    #......
g - Aura of Abjuration    Summ           #####.....   30%         5    #####..

Your spell library contained the following spells:

 Spells                   Type           Power        Failure   Level  Hunger
 Summon Small Mammal      Summ           ####         2%          1    None
 Call Imp                 Summ           #####...     3%          2    None
 Call Canine Familiar     Summ           #####...     5%          3    #......
 Infusion                 Chrm           ####         11%         1    None
 Shock                    Conj/Air       ###.         17%         1    None
 Corpse Rot               Necr/Air       N/A          24%         2    None
 Poisonous Vapours        Pois/Air       ###...       24%         2    None
 Recall                   Summ/Tloc      N/A          30%         3    #......
 Summon Demon             Summ           #####.....   30%         5    #####..
 Shroud of Golubria       Chrm/Tloc      ###...       36%         2    None
 Static Discharge         Conj/Air       ###.....     41%         3    #......
 Mephitic Cloud           Conj/Pois/Air  ###.....     56%         3    #......
 Ozocubu's Armour         Chrm/Ice       ###.....     56%         3    #......
 Spectral Weapon          Hex/Chrm       ###.....     56%         3    #......
 Animate Skeleton         Necr           N/A          61%         1    None
 Apportation              Tloc           #.....       61%         1    None
 Confusing Touch          Hex            #.....       61%         1    None
 Corona                   Hex            #......      61%         1    None
 Foxfire                  Conj/Fire      #...         61%         1    None
 Freeze                   Ice            #...         61%         1    None
 Magic Dart               Conj           #...         61%         1    None
 Pain                     Necr           #...         61%         1    None
 Sandblast                Erth           #.....       61%         1    None
 Sting                    Tmut/Pois      #...         61%         1    None
 Summon Ice Beast         Ice/Summ       ###.....     65%         4    ###....
 Ensorcelled Hibernation  Hex/Ice        #.....       75%         2    None
 Passwall                 Tmut/Erth      #.......     75%         2    None
 Searing Ray              Conj           #.....       75%         2    None
 Slow                     Hex            #.......     75%         2    None
 Sublimation of Blood     Necr           #.........   75%         2    None
 Shadow Creatures         Summ           N/A          80%         6    ######.
 Confuse                  Hex            #.......     91%         3    #......
 Conjure Flame            Conj/Fire      #.......     91%         3    #......
 Dazzling Flash           Conj/Hex       #.....       91%         3    #......
 Gell's Gravitas          Tloc           #.........   91%         3    #......
 Ignite Poison            Fire/Tmut/Pois #.......     91%         3    #......
 Portal Projectile        Hex/Tloc       #.....       91%         3    #......
 Stone Arrow              Conj/Erth      #.....       91%         3    #......
 Vampiric Draining        Necr           #.........   91%         3    #......
 Summon Forest            Summ/Tloc      ###.......   92%         5    #####..
 Summon Mana Viper        Hex/Summ       ###.....     92%         5    #####..
 Lightning Bolt           Conj/Air       ###.......   97%         5    #####..
 Silence                  Hex/Air        ###.......   97%         5    #####..
 Excruciating Wounds      Chrm/Necr      ###.......   99%         5    #####..
 Iskenderun's Battlesphe  Conj/Chrm      ###.....     99%         5    #####..
 Deflect Missiles         Chrm/Air       ####......   99%         6    ######.
 Animate Dead             Necr           N/A          100%        4    ###....
 Cause Fear               Hex            #.........   100%        4    ###....
 Fulminant Prism          Conj/Hex       #.........   100%        4    ###....
 Hailstorm                Conj/Ice       #.......     100%        4    ###....
 Ice Form                 Ice/Tmut       #.......     100%        4    ###....
 Iskenderun's Mystic Bla  Conj/Tloc      #.......     100%        4    ###....
 Leda's Liquefaction      Hex/Erth       #.........   100%        4    ###....
 Olgreb's Toxic Radiance  Pois           #.......     100%        4    ###....
 Petrify                  Tmut/Erth      #.......     100%        4    ###....
 Sticky Flame             Conj/Fire      #.......     100%        4    ###....
 Agony                    Necr           #.......     100%        5    #####..
 Bolt of Magma            Conj/Fire/Erth #.........   100%        5    #####..
 Borgnjor's Vile Clutch   Necr/Erth      #.........   100%        5    #####..
 Dispel Undead            Necr           #.......     100%        5    #####..
 Fireball                 Conj/Fire      #.........   100%        5    #####..
 Irradiate                Conj/Tmut      #.........   100%        5    #####..
 Metabolic Englaciation   Hex/Ice        #.........   100%        5    #####..
 Yara's Violent Unravell  Hex/Tmut       #.........   100%        5    #####..
 Conjure Ball Lightning   Conj/Air       ###.......   100%        6    ######.
 Darkness                 Hex            #.........   100%        6    ######.
 Death Channel            Necr           #.........   100%        6    ######.
 Eringya's Noxious Bog    Tmut/Pois      #.........   100%        6    ######.
 Freezing Cloud           Conj/Ice/Air   ###.......   100%        6    ######.
 Hydra Form               Tmut           #.........   100%        6    ######.
 Invisibility             Hex            #.......     100%        6    ######.
 Iron Shot                Conj/Erth      #.........   100%        6    ######.
 Simulacrum               Ice/Necr       #.........   100%        6    ######.
 Starburst                Conj/Fire      #.........   100%        6    ######.
 Statue Form              Tmut/Erth      #........    100%        6    ######.
 Dragon Form              Tmut           #.........   100%        7    #######
 Malign Gateway           Summ/Tloc      ###.......   100%        7    #######
 Ring of Flames           Chrm/Fire      ###.......   100%        7    #######
 Spellforged Servitor     Conj/Summ      ###.......   100%        7    #######
 Summon Hydra             Summ           #####.....   100%        7    #######
 Chain Lightning          Conj/Air       ###.......   100%        8    #######
 Discord                  Hex            #.........   100%        8    #######
 Ignition                 Fire           #.........   100%        8    #######
 Lehudib's Crystal Spear  Conj/Erth      #.........   100%        8    #######
 Fire Storm               Conj/Fire      #.........   100%        9    #######
 Glaciate                 Conj/Ice       #.........   100%        9    #######
 Shatter                  Erth           #.........   100%        9    #######
 Tornado                  Air            ####......   100%        9    #######
 Blink                    Tloc           Unusable     N/A         2    N/A

Dungeon Overview and Level Annotations

Branches:
Dungeon (15/15)            Temple (0/1) D:4            Lair (6/6) D:9
  Swamp (4/4) Lair:4        Snake (4/4) Lair:3        Slime (0/5) Lair:6
    Orc (2/2) D:12            Elf (3/3) Orc:2        Vaults (5/5) D:14
  Crypt (0/3) Vaults:2     Depths (1/5) D:15         WizLab (visited)
Gauntlet (visited)

Altars:
Ashenzari
Cheibriados
Dithmenos
Gozag
Hepliaklqana
Kikubaaqudgha
Makhleb
Nemelex Xobeh
Okawaru
Qazlal
Vehumet
Wu Jian
Yredelemnul
Zin
Beogh

Shops:
D:11 (   D:13 *   Orc:2 }?[!   Elf:3 [   Snake:3 =}=   Vaults:1 *(}[!
Vaults:2 (   Vaults:3 *

Portals:
Hell: Depths:1
Pandemonium: Orc:2

Annotations:
D:1 exclusion: downstairs
D:2 Sigmund
D:4 Duvessa
D:7 exclusion: downstairs
D:8 exclusion: downstairs
D:9 exclusion: downstairs
D:10 exclusion: 2 downstairs
D:11 1 runed translucent door
Swamp:2 3 runed translucent doors, Borgoz's ghost, adept GrGl; adozu's ghost, adept DsAK; bmj180's ghost, adept DsBe; jt's ghost, journeyman DgTm
Swamp:3 exclusion: 2 downstairs
Snake:2 exclusion: downstairs
Snake:3 exclusion: 2 downstairs


Innate Abilities, Weirdness & Mutations

You cannot be hasted, slowed, berserked, paralysed or teleported.
You can dig through walls and to a lower floor.
Your four strong arms can wield two-handed weapons with a shield.
You have a pair of large antennae on your head. (SInv)
You are very robust. (+20% HP)
You are weak. (Str -2)


Message History

The apocalypse crab convulses!
You kill the apocalypse crab!
Qazlal accepts your kill.
Kinlo convulses!
You feel sick.
The slime creature changes into an eye of devastation!
Kinlo is engulfed in freezing vapours.
You block Kinlo's attack. You block the Killer Klown's attack.
Fakhif is engulfed in freezing vapours.
Fakhif is lost in a daze.
You block the Killer Klown's attack.
The quicksilver dragon bites you but does no damage.
You block the quicksilver dragon's attack.
Kinlo is engulfed in freezing vapours.
Kinlo hits you but does no damage.
You feel much better.
You feel sick. Kinlo hits you but does no damage.
The quicksilver dragon breathes dispelling energy at you.
The bolt of dispelling energy hits you!!!
You feel more protected from physical attacks.
Your magical effects are unravelling.
* * * LOW HITPOINT WARNING * * *
Fakhif is engulfed in freezing vapours.
Fakhif is lost in a daze.
You block the Killer Klown's attack. x2; Kinlo hits you!
You die...

▓▓▓▓▓▓▓▓▓▓
.........▓▓
..........▓▓
...≈.☼.§°..▓▓
.....†&)....▓▓
.....G&@○....▓▓
.....§Dpp○..∩.▓
.....°§○.....▓▓
............▓▓
...........▓▓
..........▓▓
.........▓▓
▓▓▓▓▓▓▓▓▓▓


You could see Fakhif (dazed), Kinlo (dazed), 2 Killer Klowns, a quicksilver
dragon and an eye of devastation shaped shifter.

Vanquished Creatures
  An ancient lich (Depths:1)
  A greater mummy (Zig:8)
  Bai Suzhen (Swamp:4)
  A Killer Klown (Zig:5)
  2 golden dragons (Vaults:5)
  An iron giant (Zig:3)
  2 bone dragons (Abyss:2)
  A Cloud Mage (WizLab)
  Rupert (Orc:2)
  A tentacled monstrosity (Vaults:4)
  A deep elf blademaster (Elf:3)
  3 liches
  A quicksilver dragon (Vaults:5)
  A titan (Vaults:4)
  4 sphinxes
  A tentacled starspawn (Abyss:2)
  An acid blob (Zig:5)
  2 ancient champions (Zig:7)
  2 storm dragons
  A draconian monk (Zig:6)
  A revenant (Vaults:2)
  A shadow dragon (shapeshifter) (Zig:10)
  6 thorn hunters
  Roxanne (Swamp:4)
  15 nagarajas
  4 tengu reavers
  5 fire giants
  13 deep elf sorcerers
  An azure jelly (Zig:1)
  4 frost giants
  3 draconian scorchers (Zig:6)
  16 vault wardens
  A frost giant (shapeshifter) (Zig:5)
  12 ironheart preservers
  A balrug (Zig:10)
  A draconian annihilator (Zig:6)
  2 curse skulls
  Aizul (Swamp:4)
  A ghoul (Vaults:2)
  2 war gargoyles
  5 deep elf elementalists
  4 entropy weavers
  10 very ugly things
  17 stone giants
  A black draconian (Zig:6)
  2 vampire knights (Depths:1)
  10 deep elf annihilators
  10 large abominations
  A minotaur (Gauntlet)
  4 deep elf demonologists
  2 spark wasps (WizLab)
  8 small abominations
  An eidolon (Zig:7)
  2 green deaths (Abyss:2)
  A crystal guardian (Vaults:3)
  9 deep elf death magi
  4 blizzard demons
  3 fire dragons
  Snorg (D:13)
  12 ettins
  4 great orbs of eyes
  3 mummy priests (Zig:8)
  Erolcha (D:11)
  13 naga warriors
  4 ice dragons
  10 deep elf high priests
  26 vault guards
  11 yaktaur captains
  8 rakshasas
  25 hydras
  5 ghost crabs
  3 death knights
  4 shambling mangroves
  The ghost of Junuurch the Carver, a journeyman OpFi of Gozag (Lair:3)
  A spriggan air mage (Depths:1)
  9 anacondas
  6 centaur warriors
  A satyr (Zig:4)
  3 death scarabs
  12 alligators
  A satyr (shapeshifter) (Vaults:2)
  30 dancing weapons
  14 ogre magi
  57 two-headed ogres
  9 deep troll earth magi
  3 deep troll shamans
  11 naga sharpshooters
  5 orc high priests (Orc:2)
  7 tengu warriors
  2 vampire magi (Zig:7)
  3 thrashing horrors (Abyss:2)
  20 deep elf knights
  Urug (D:11)
  8 shock serpents
  The ghost of Thantalas the Cleaver, a novice MiMo of Qazlal (D:7)
  Sonja (Lair:4)
  A soul eater (Abyss:2)
  A shock serpent (shapeshifter) (Elf:1)
  2 shadow wraiths
  A spectral death yak (Gauntlet)
  A storm dragon zombie (Vaults:5)
  A skeletal warrior (Vaults:5)
  5 spriggan druids
  A salamander mystic (Snake:3)
  3 sea snakes
  2 gelid demonspawn (Orc:2)
  2 storm dragon skeletons
  A death drake (WizLab)
  2 unseen horrors (shapeshifter)
  2 wretched stars (Abyss:2)
  4 naga ritualists
  A glowing orange brain (Vaults:3)
  An infernal demonspawn (Orc:2)
  3 unseen horrors
  25 deep trolls
  13 swamp dragons
  An orange crystal statue (Depths:1)
  17 deep elf archers
  2 tengu zombies
  6 phantasmal warriors
  4 wizards
  5 harpies
  A golden dragon skeleton (Zig:8)
  31 ugly things
  5 flayed ghosts
  20 ironbrand convokers
  A lindwurm (shapeshifter) (Elf:1)
  2 fauns (Zig:4)
  19 orc knights
  11 orc sorcerers
  A mana viper (shapeshifter) (Vaults:4)
  8 necromancers
  An oklob plant (Lair:1)
  A wolf spider zombie (D:15)
  3 mana vipers
  2 human zombies
  62 deep elf magi
  2 tengu skeletons
  8 cyclopes
  2 wolf spiders
  A faun (shapeshifter) (Vaults:1)
  A manticore (shapeshifter) (Vaults:5)
  A frost giant skeleton (Depths:1)
  A worldbinder (Abyss:2)
  5 manticores
  2 sphinx skeletons
  A merfolk siren (Zig:4)
  3 elephants (Lair:6)
  An ice statue (Gauntlet)
  An elephant (shapeshifter) (Vaults:4)
  A fire giant zombie (Zig:2)
  28 black mambas
  20 naga magi
  9 salamanders
  3 gargoyles
  17 guardian serpents
  4 apocalypse crabs
  14 vault sentinels
  5 smoke demons
  18 spiny frogs
  A water nymph (Zig:4)
  13 komodo dragons
  An orange demon (Orc:2)
  A dire elephant skeleton (Abyss:2)
  A komodo dragon (shapeshifter) (Zig:10)
  A yaktaur (shapeshifter) (D:13)
  3 rime drakes
  2 efreet
  A hellion (Abyss:2)
  50 yaktaurs
  3 hellwings
  An ice devil (Zig:2)
  3 merfolk (Zig:4)
  10 freezing wraiths
  A red devil (Orc:2)
  A jumping spider (Vaults:4)
  3 tengu conjurers
  4 wind drakes (WizLab)
  3 meliai (D:14)
  10 tyrant leeches
  3 trolls
  9 polar bears
  A polar bear (shapeshifter) (Vaults:4)
  30 slime creatures
  5 dream sheep (Lair:6)
  24 hornets
  6 raiju (Abyss:2)
  An ettin zombie (Vaults:4)
  A blink frog (shapeshifter) (Abyss:2)
  7 blink frogs
  13 hippogriffs
  12 bog bodies
  A fire giant simulacrum (Depths:1)
  3 redbacks (shapeshifter)
  11 air elementals
  8 flying skulls
  19 spriggans
  2 wraiths
  2 ynoxinuls (Abyss:2)
  3 water elementals
  2 wyverns (D:13)
  A vampire (D:10)
  An ettin skeleton (Vaults:4)
  2 redbacks
  3 shadows
  3 chaos spawn (Abyss:2)
  15 humans (D:14)
  35 yaks
  A basilisk (shapeshifter) (Depths:1)
  An ushabti (Zig:8)
  A spectral fire crab (Gauntlet)
  A fire elemental (Elf:2)
  A golden eye (shapeshifter) (Vaults:1)
  6 basilisks
  4 hungry ghosts
  17 vampire mosquitoes
  6 human simulacra
  3 neqoxecs (Abyss:2)
  A redback simulacrum (D:14)
  6 wargs
  2 elf skeletons
  15 swamp worms
  4 acid dragons
  24 insubstantial wisps
  A swamp worm (shapeshifter) (Vaults:1)
  33 nagas
  11 water moccasins
  36 orc warriors
  10 porcupines
  3 black bears
  A deep troll skeleton (Vaults:5)
  3 sky beasts
  15 swamp drakes
  6 ice beasts
  3 hornet zombies
  6 starcursed masses (Abyss:2)
  45 ogres
  9 boggarts
  26 wolves
  12 centaurs
  15 crocodiles
  A big kobold (D:13)
  2 elf zombies (Elf:1)
  Blork the orc (D:4)
  18 bullfrogs
  A gnoll sergeant (D:6)
  A wyvern zombie (D:12)
  4 earth elementals
  A wyvern skeleton (D:6)
  Dowan (D:4)
  3 scorpions
  A killer bee (D:10)
  4 howler monkeys
  15 wights
  An electric eel (Snake:2)
  5 bullfrog zombies
  5 crimson imps
  3 centaur zombies
  2 centaur skeletons
  5 hounds
  36 orc priests
  3 jellies
  An iron imp (Abyss:2)
  Jessica (D:2)
  4 iguanas
  4 worker ants
  26 orc wizards
  A killer bee zombie (D:9)
  A hound skeleton (D:4)
  5 mummies (Zig:8)
  A worker ant zombie (D:11)
  5 gnolls (D:6)
  15 adders
  4 shadow imps
  2 white imps (Abyss:2)
  2 oozes
  An adder skeleton (D:9)
  2 worms
  A dart slug (D:1)
  5 leopard geckos
  113 orcs
  7 ball pythons
  11 giant cockroaches
  6 goblins
  9 hobgoblins
  11 jackals
  4 quokkas
  9 bats
  8 frilled lizards
  11 kobolds
  A leopard gecko skeleton (D:4)
  A quokka skeleton (D:8)
  13 rats
  4 briar patches (Swamp:3)
  10 crawling corpses
  2 fungi
  A lurking horror (Abyss:2)
  6 plants
  A starspawn tentacle (Abyss:2)
2059 creatures vanquished.

Vanquished Creatures (collateral kills)
  Sojobo (Vaults:2)
  A nagaraja (Snake:4)
  A deep elf sorcerer (Elf:3)
  Louise (Swamp:4)
  2 anacondas (Snake:3)
  A naga sharpshooter (Snake:4)
  An unseen horror (Depths:1)
  A swamp dragon (Zig:9)
  A manticore (D:12)
  A salamander (Snake:3)
  A black mamba (Lair:6)
  An apocalypse crab (WizLab)
  2 naga magi (Snake:4)
  A guardian serpent (Snake:4)
  2 yaktaurs (Depths:1)
  A rime drake (shapeshifter) (Vaults:2)
  A guardian mummy (Zig:8)
  A blink frog (Lair:6)
  3 wargs
  4 orc warriors
  A sky beast (D:9)
  5 ogres
  A wight (D:12)
  5 orc priests
  A jelly (Lair:6)
  2 orc wizards
  2 mummies (Zig:8)
  9 orcs
54 creatures vanquished.

Vanquished Creatures (others)
  3 deep elf master archers (Elf:3)
  Donald (Swamp:4)
  An ironheart preserver (Vaults:5)
  2 stone giants
  A fire dragon (Depths:1)
  2 yaktaur captains
  A vault guard (Vaults:5)
  A spriggan air mage (WizLab)
  A ghost crab (WizLab)
  A two-headed ogre (Depths:1)
  3 centaur warriors (D:14)
  An alligator (Zig:9)
  3 naga sharpshooters
  A deep elf knight (Vaults:1)
  A deep troll (Vaults:4)
  A spriggan druid (Swamp:3)
  4 deep elf archers
  An ugly thing (Vaults:2)
  2 deep elf magi
  A salamander (Snake:1)
  2 apocalypse crabs (WizLab)
  A spiny frog (Zig:9)
  11 yaktaurs
  A wind drake (WizLab)
  2 slime creatures (Swamp:1)
  A spriggan (Swamp:3)
  2 wraiths
  A human (D:14)
  3 vampire mosquitoes (Swamp:1)
  An orc warrior (D:15)
  4 centaurs
  An orc priest (Orc:2)
  A worker ant (D:14)
  3 briar patches
  A crawling corpse (Elf:3)
  10 demonic plants (Gauntlet)
  A fire vortex (Depths:1)
  4 fungi
  14 plants
  2 starspawn tentacles (Abyss:2)
98 creatures vanquished.

Grand Total: 2211 creatures vanquished

Notes
Turn   | Place    | Note
-------+----------+-------------------------------------------
     0 | D:1      | Kiritani the Formicid Fighter began the quest for the Orb.
     0 | D:1      | Reached XP level 1. HP: 18/18 MP: 1/1
    94 | D:1      | Reached XP level 2. HP: 24/24 MP: 2/2
   229 | D:1      | Reached XP level 3. HP: 21/29 MP: 3/3
  1112 | D:2      | Noticed Jessica
  1248 | D:2      | Killed Jessica
  1248 | D:2      | Reached XP level 4. HP: 37/37 MP: 4/4
  1289 | D:2      | Found a stormy altar of Qazlal.
  1296 | D:2      | Became a worshipper of Qazlal Stormbringer
  1362 | D:2      | Noticed Sigmund
  1398 | D:1      | HP: 2/55 [poisoned by Sigmund]
  1406 | D:1      | HP: 2/55 [poisoned by Sigmund]
  2315 | D:3      | Reached XP level 5. HP: 41/42 MP: 5/5
  2387 | D:3      | Reached skill level 4 in Fighting
  2479 | D:3      | Reached * piety under Qazlal
  2672 | D:3      | Found a burning altar of Makhleb.
  2819 | D:3      | Found a shattered altar of Ashenzari.
  2820 | D:3      | Found a hazy altar of Hepliaklqana.
  2821 | D:3      | Found an ancient bone altar of Kikubaaqudgha.
  2877 | D:3      | Found an iron altar of Okawaru.
  3127 | D:4      | Noticed Blork the orc
  3135 | D:4      | Reached XP level 6. HP: 46/48 MP: 6/6
  3144 | D:4      | Killed Blork the orc
  3262 | D:4      | Found a staircase to the Ecumenical Temple.
  3463 | D:4      | Reached skill level 5 in Axes
  3463 | D:4      | Reached XP level 7. HP: 55/55 MP: 7/7
  3525 | D:4      | Reached ** piety under Qazlal
  3727 | D:4      | Reached skill level 5 in Armour
  4329 | D:4      | Found a glowing silver altar of Zin.
  4361 | D:5      | Entered Level 5 of the Dungeon
  4717 | D:5      | Noticed Duvessa
  4718 | D:5      | Noticed Dowan
  4732 | D:4      | Killed Dowan
  4732 | D:4      | Reached XP level 8. HP: 55/61 MP: 8/8
  4735 | D:4      | You fall into a shaft and drop 2 floors!
  4741 | D:6      | Reached skill level 5 in Fighting
  4741 | D:6      | Reached skill level 1 in Throwing
  4792 | D:5      | Found a radiant altar of Vehumet.
  5292 | D:6      | Reached *** piety under Qazlal
  5871 | D:6      | Reached skill level 1 in Invocations
  6552 | D:6      | Reached XP level 9. HP: 42/68 MP: 10/12
  6967 | D:7      | Reached skill level 5 in Invocations
  6972 | D:7      | Found an ornate altar of the Wu Jian Council.
  6992 | D:7      | Found a basalt altar of Yredelemnul.
  7138 | D:7      | Found a runed translucent gate.
  7138 | D:7      | Found a runed translucent gate.
  7138 | D:7      | Found a runed translucent gate.
  7138 | D:7      | Noticed an orc knight
  7140 | D:7      | Noticed Thantalas's ghost (novice MiMo)
  7397 | D:8      | Noticed a two-headed ogre
  7739 | D:8      | Found a sparkling altar of Nemelex Xobeh.
  7781 | D:8      | Found a shadowy altar of Dithmenos.
  7803 | D:8      | Reached **** piety under Qazlal
  7820 | D:8      | Reached skill level 5 in Shields
  8293 | D:8      | Found an iron altar of Okawaru.
  8519 | D:8      | Killed a two-headed ogre
  8519 | D:8      | Reached XP level 10. HP: 57/76 MP: 3/15
  9012 | D:9      | Found a snail-covered altar of Cheibriados.
  9036 | D:9      | Reached skill level 6 in Fighting
  9697 | D:10     | Entered Level 10 of the Dungeon
  9788 | D:10     | Noticed a two-headed ogre
 10154 | D:9      | Found a staircase to the Lair.
 10603 | D:10     | Noticed a two-headed ogre
 10613 | D:10     | Killed a two-headed ogre
 10613 | D:10     | Reached skill level 5 in Throwing
 10613 | D:10     | Reached XP level 11. HP: 47/83 MP: 17/17
 11478 | D:11     | Noticed Erolcha
 11620 | D:11     | Identified the cursed +2 lajatang of Doom {slice, -Tele rF+
                  | Int+3 SInv}
 11620 | D:11     | Noticed an orc knight
 11621 | D:11     | Noticed a manticore
 11638 | D:11     | Killed a manticore
 12110 | D:11     | Killed Erolcha
 12540 | D:10     | Reached skill level 7 in Fighting
 12607 | D:11     | Noticed a brown ugly thing
 12620 | D:11     | Killed a brown ugly thing
 12762 | D:11     | Killed an orc knight
 12768 | D:11     | Noticed a cyclops
 12781 | D:11     | Killed a cyclops
 12918 | D:11     | Reached skill level 10 in Axes
 12983 | D:11     | Found a runed translucent door.
 13021 | D:11     | Got a pitted spear
 13039 | D:11     | Noticed Urug
 13055 | D:11     | Killed Urug
 13055 | D:11     | Reached XP level 12. HP: 78/91 MP: 18/18
 13107 | D:11     | Learned a level 2 spell: Song of Slaying
 13245 | D:11     | Noticed an ice dragon
 13493 | D:11     | You fall into a shaft and drop 1 floor!
 13493 | D:12     | Noticed a two-headed ogre
 13501 | D:12     | Killed a two-headed ogre
 14062 | D:11     | Found Gisieh's Antique Weapon Shoppe.
 14200 | D:11     | Reached ***** piety under Qazlal
 14949 | D:12     | Reached skill level 8 in Fighting
 14949 | D:12     | Reached XP level 13. HP: 86/99 MP: 19/19
 15047 | D:12     | Reached skill level 10 in Armour
 15055 | D:12     | Reached skill level 10 in Throwing
 15213 | D:12     | Found a staircase to the Orcish Mines.
 15440 | D:12     | Reached skill level 9 in Fighting
 15838 | Orc:1    | Entered Level 1 of the Orcish Mines
 16131 | Orc:2    | Entered Level 2 of the Orcish Mines
 17163 | Orc:2    | HP: 4/101 [orange demon[an orc high priest] (5)]
 17166 | Orc:2    | Reached XP level 14. HP: 30/108 MP: 10/20
 17496 | Orc:2    | Found a roughly hewn altar of Beogh.
 17605 | Orc:2    | Found a staircase to the Elven Halls.
 17614 | Orc:2    | Found a roughly hewn altar of Beogh.
 17688 | Orc:2    | Noticed Rupert
 17714 | Orc:2    | Killed Rupert
 18246 | Orc:2    | Found Oqiuheno's Distillery.
 18248 | Orc:2    | Found Bajoprer's Magic Scroll Shoppe.
 18555 | Orc:2    | Bought a potion of heal wounds for 75 gold pieces
 18557 | Orc:2    | Bought a scroll of identify for 26 gold pieces
 20472 | Orc:2    | Found Buovuk's Antique Armour Boutique.
 20472 | Orc:2    | Found Tooph's Gadget Shop.
 20472 | Orc:2    | Found a one-way gate leading to the halls of Pandemonium.
 20964 | Lair:1   | Entered Level 1 of the Lair of Beasts
 20976 | Lair:1   | Reached skill level 10 in Fighting
 21934 | Lair:1   | Reached XP level 15. HP: 77/115 MP: 21/21
 22646 | Lair:2   | Reached ****** piety under Qazlal
 23399 | Lair:2   | Got a polished large shield
 23400 | Lair:2   | Identified the cursed -9 large shield of Okawaru's
                  | Vengeance {Str+4} (You found it on level 2 of the Lair of
                  | Beasts)
 23592 | Lair:3   | Found a runed translucent door.
 23597 | Lair:3   | Noticed Junuurch's ghost (journeyman OpFi)
 23625 | Lair:3   | Found a staircase to the Snake Pit.
 24585 | Lair:3   | Killed Junuurch's ghost
 24799 | Lair:4   | Noticed Sonja
 24806 | Lair:4   | Killed Sonja
 24850 | Lair:4   | Found a staircase to the Swamp.
 25641 | Lair:5   | Found a shadowy altar of Dithmenos.
 25896 | Lair:6   | Entered Level 6 of the Lair of Beasts
 25926 | Lair:6   | Reached skill level 15 in Axes
 26013 | Lair:6   | Found a gate leading to a gauntlet.
 26020 | Gauntlet | Entered a Gauntlet
 26020 | Gauntlet | Found a transporter.
 26030 | Gauntlet | Found a transporter.
 26045 | Gauntlet | Found a transporter.
 26050 | Gauntlet | Found a transporter.
 26065 | Gauntlet | Found a transporter.
 26084 | Gauntlet | Found a transporter.
 26092 | Gauntlet | Found a large runed translucent door.
 26093 | Gauntlet | Found a large runed translucent door.
 26094 | Gauntlet | Found a large runed translucent door.
 26094 | Gauntlet | Found a large runed translucent door.
 26095 | Gauntlet | Found a runed translucent gate.
 26096 | Gauntlet | Found a transporter.
 26096 | Gauntlet | Found a runed translucent gate.
 26097 | Gauntlet | Found a runed translucent gate.
 26098 | Gauntlet | Found a large runed translucent door.
 26098 | Gauntlet | Found a large runed translucent door.
 26099 | Gauntlet | Found a large runed translucent door.
 26100 | Gauntlet | Found a large runed translucent door.
 26106 | Gauntlet | Noticed a reaper
 26108 | Gauntlet | Found a transporter.
 26110 | Gauntlet | Found a large runed translucent door.
 26110 | Gauntlet | Found a large runed translucent door.
 26110 | Gauntlet | Found a runed translucent door.
 26110 | Gauntlet | Found a runed translucent door.
 26111 | Gauntlet | Found a large runed translucent door.
 26112 | Gauntlet | Found a large runed translucent door.
 26114 | Gauntlet | Found a transporter.
 26114 | Gauntlet | Found a transporter.
 26129 | Gauntlet | Found a transporter.
 26141 | Gauntlet | Found a transporter.
 26158 | Gauntlet | Found a transporter.
 26158 | Gauntlet | Found a transporter.
 26204 | Gauntlet | Found a large runed translucent door.
 26204 | Gauntlet | Found a large runed translucent door.
 26205 | Gauntlet | Found a large runed translucent door.
 26206 | Gauntlet | Found a large runed translucent door.
 26210 | Gauntlet | Found a transporter.
 26287 | Gauntlet | Found a transporter.
 26314 | Gauntlet | Found a transporter.
 26316 | Gauntlet | Found a transporter.
 26348 | Gauntlet | Found a transporter.
 26355 | Gauntlet | Reached skill level 11 in Fighting
 26360 | Gauntlet | Found a transporter.
 26360 | Gauntlet | Found a transporter.
 26362 | Gauntlet | Found a large runed translucent door.
 26363 | Gauntlet | Found a large runed translucent door.
 26439 | Gauntlet | Found a large runed translucent door.
 26439 | Gauntlet | Found a large runed translucent door.
 26439 | Gauntlet | Found a runed translucent door.
 26439 | Gauntlet | Found a runed translucent door.
 26439 | Gauntlet | Found a large runed translucent door.
 26440 | Gauntlet | Found a large runed translucent door.
 26440 | Gauntlet | Found a large runed translucent door.
 26440 | Gauntlet | Found a large runed translucent door.
 26441 | Gauntlet | Found a large runed translucent door.
 26442 | Gauntlet | Found a transporter.
 26442 | Gauntlet | Found a large runed translucent door.
 26448 | Gauntlet | Found a transporter.
 26461 | Gauntlet | Found a transporter.
 26471 | Gauntlet | Got a glittering turquoise ring
 26472 | Gauntlet | Identified the ring "Vemomi" {+Blink EV+2 Dex+2} (You found
                  | it in a Gauntlet)
 26510 | Gauntlet | Found a large runed translucent door.
 26511 | Gauntlet | Found a large runed translucent door.
 26512 | Gauntlet | Found a large runed translucent door.
 26516 | Gauntlet | Found a large runed translucent door.
 26517 | Gauntlet | Found a large runed translucent door.
 26518 | Gauntlet | Found a large runed translucent door.
 26522 | Gauntlet | Found a runed translucent gate.
 26522 | Gauntlet | Found a runed translucent gate.
 26522 | Gauntlet | Found a runed translucent gate.
 26525 | Gauntlet | Found a transporter.
 26567 | Gauntlet | Got a pair of encrusted gloves
 26568 | Gauntlet | Identified the +0 pair of gloves of the Lonely Curses
                  | {Str+3 Int+7} (You found it in a Gauntlet)
 26575 | Gauntlet | Found a transporter.
 26785 | Lair:6   | Found a staircase to the Slime Pits.
 26807 | Lair:6   | Reached XP level 16. HP: 125/125 MP: 22/22
 27185 | Lair:6   | Identified a scroll of acquirement
 27188 | Lair:6   | Got a sparkling steel ring
 27191 | Lair:6   | Identified the ring "Idoso" {rPois MP+9} (You acquired it
                  | on level 6 of the Lair of Beasts)
 28094 | D:7      | Killed Thantalas's ghost
 28258 | Snake:1  | Entered Level 1 of the Snake Pit
 29615 | Snake:2  | Reached skill level 12 in Fighting
 30520 | Snake:3  | Noticed a nagaraja
 30725 | Snake:2  | Killed a nagaraja
 30725 | Snake:2  | Reached XP level 17. HP: 83/133 MP: 23/23
 31537 | Snake:3  | Found an ancient bone altar of Kikubaaqudgha.
 31754 | Snake:3  | Found Tesu's Jewellery Boutique.
 31754 | Snake:3  | Found Ynieb's Gadget Shoppe.
 31755 | Snake:3  | Found Osouw's Jewellery Boutique.
 31761 | Snake:3  | Bought a +3 ring of slaying for 720 gold pieces
 31767 | Snake:3  | Bought an uncursed ring of wizardry for 390 gold pieces
 31862 | Snake:4  | Entered Level 4 of the Snake Pit
 32224 | Snake:4  | Reached skill level 1 in Charms
 32226 | Snake:4  | Reached skill level 1 in Spellcasting
 32379 | Snake:4  | Identified the +1 robe of Sotwa {Str+2}
 32584 | Snake:4  | Reached skill level 15 in Armour
 32591 | Snake:4  | Identified the +1 rapier "Tietogi" {pierce, Str+3 Int+3}
 34051 | Snake:4  | Reached XP level 18. HP: 134/142 MP: 24/24
 34512 | Snake:4  | Reached skill level 13 in Fighting
 34846 | Snake:4  | Got a serpentine rune of Zot
 35180 | Snake:4  | Gained mutation: You are robust. (+10% HP) [potion of
                  | mutation]
 35180 | Snake:4  | Gained mutation: You are weak. (Str -2) [potion of
                  | mutation]
 35180 | Snake:4  | Gained mutation: You are very robust. (+20% HP) [potion of
                  | mutation]
 35385 | Swamp:1  | Entered Level 1 of the Swamp
 35422 | Swamp:1  | Found a sparkling altar of Nemelex Xobeh.
 35753 | Swamp:1  | Got a distressingly furry ring mail
 37113 | Swamp:2  | Found a runed translucent gate.
 37113 | Swamp:2  | Found a runed translucent gate.
 37114 | Swamp:2  | Noticed jt's ghost (journeyman DgTm)
 37115 | Swamp:2  | Found a runed translucent gate.
 37116 | Swamp:2  | Noticed bmj180's ghost (adept DsBe)
 37117 | Swamp:2  | Noticed adozu's ghost (adept DsAK)
 37117 | Swamp:2  | Noticed Borgoz's ghost (adept GrGl)
 37589 | Swamp:3  | Reached skill level 10 in Shields
 37603 | Swamp:3  | Reached XP level 19. HP: 120/178 MP: 25/25
 38466 | Swamp:3  | Learned a level 3 spell: Inner Flame
 38727 | Swamp:4  | Entered Level 4 of the Swamp
 38727 | Swamp:4  | Noticed Bai Suzhen
 38735 | Swamp:4  | Noticed Aizul
 38746 | Swamp:4  | Killed Bai Suzhen
 38751 | Swamp:4  | Killed Aizul
 38756 | Swamp:4  | Noticed Louise
 39301 | Swamp:4  | Noticed Roxanne
 39337 | Swamp:4  | Killed Roxanne
 39408 | Swamp:4  | Noticed Donald
 39427 | Swamp:4  | Killed Donald
 39559 | Swamp:4  | Reached skill level 14 in Fighting
 39703 | Swamp:4  | Got a decaying rune of Zot
 39761 | Swamp:4  | Killed Louise
 40521 | D:13     | Noticed Snorg
 40529 | D:13     | Killed Snorg
 40717 | D:13     | Found Aroaton's Island Escapes.
 40807 | D:13     | Bought a potion of invisibility for 112 gold pieces
 40848 | D:14     | Found a gate to the Vaults.
 40862 | D:14     | Reached XP level 20. HP: 170/190 MP: 26/26
 41337 | D:14     | Found an opulent altar of Gozag.
 41582 | D:15     | Entered Level 15 of the Dungeon
 41680 | D:15     | Found a staircase to the Depths.
 42363 | Vaults:1 | Entered Level 1 of the Vaults
 42900 | Vaults:1 | Found Eduasopn's General Store.
 42908 | Vaults:1 | Bought a +2 large shield of reflection for 240 gold pieces
 43065 | Vaults:1 | Found Tirphen's Armour Boutique.
 43313 | Vaults:1 | Found Mooliwiu's Weapon Shop.
 43348 | Vaults:1 | Found Rilyal's Gadget Shoppe.
 43411 | Vaults:1 | Reached XP level 21. HP: 186/200 MP: 25/27
 43568 | Vaults:1 | Found Kubbic's Distillery.
 43572 | Vaults:1 | Bought a potion of heal wounds for 80 gold pieces
 43572 | Vaults:1 | Bought a potion of cancellation for 128 gold pieces
 43572 | Vaults:1 | Bought a potion of heal wounds for 80 gold pieces
 43572 | Vaults:1 | Bought a potion of might for 64 gold pieces
 43572 | Vaults:1 | Bought a potion of might for 64 gold pieces
 43796 | Vaults:1 | Upgraded the game from 0.25-a0-365-g7600c65aa0 to
                  | 0.25-a0-366-g516bc45ae0
 43825 | Vaults:2 | Found a ruined gateway.
 43844 | Vaults:2 | Noticed Sojobo
 43858 | Vaults:2 | Reached skill level 15 in Fighting
 43867 | Vaults:2 | Killed Sojobo
 43886 | Vaults:2 | Found Gioxkudgh's Weapon Boutique.
 43889 | Vaults:2 | Found a magical portal.
 44172 | WizLab   | Learned a level 2 spell: Swiftness
 44177 | WizLab   | Learned a level 4 spell: Summon Lightning Spire
 44520 | WizLab   | Identified the ring of Sovereignty {+Fly rF+ Str+2 Slay+2
                  | Stlth-}
 44647 | WizLab   | Identified the Disquisition on the Birds
 45702 | Vaults:2 | Found a staircase to the Crypt.
 45779 | Vaults:2 | Reached skill level 5 in Spellcasting
 45779 | Vaults:2 | Reached skill level 5 in Charms
 46498 | Vaults:3 | Reached XP level 22. HP: 195/212 MP: 28/30
 46538 | Vaults:3 | Identified the cursed +0 short sword of Discomfort
                  | {antimagic, +Inv rElec}
 46539 | Vaults:3 | Reached skill level 16 in Fighting
 46712 | Vaults:3 | Found Koozucky's General Store.
 46718 | Vaults:3 | Bought a potion of heal wounds for 80 gold pieces
 46718 | Vaults:3 | Bought a scroll of magic mapping for 56 gold pieces
 47117 | Vaults:3 | Reached skill level 15 in Shields
 47680 | Vaults:4 | Reached skill level 1 in Air Magic
 48043 | Vaults:4 | Reached skill level 17 in Fighting
 48213 | Vaults:4 | Reached XP level 23. HP: 180/225 MP: 35/35
 48296 | Vaults:4 | Reached skill level 1 in Summonings
 48900 | Vaults:5 | Entered Level 5 of the Vaults
 48912 | Vaults:5 | Reached skill level 18 in Fighting
 48916 | Vaults:5 | Noticed a golden dragon
 49108 | Vaults:5 | Killed a golden dragon
 49413 | Vaults:5 | Reached skill level 5 in Air Magic
 49476 | Vaults:4 | Reached XP level 24. HP: 203/240 MP: 35/35
 49484 | Vaults:5 | Reached skill level 19 in Fighting
 49485 | Vaults:5 | Reached skill level 5 in Summonings
 50203 | Vaults:5 | Identified the +6 hand axe "Amobylef" {drain, rF++ Int+6}
 50282 | Vaults:5 | Noticed a golden dragon
 50292 | Vaults:5 | Killed a golden dragon
 50449 | Vaults:5 | Identified the Almanac of Dusty Slavery
 50453 | Vaults:5 | Got a silver rune of Zot
 50619 | Vaults:5 | Reached skill level 20 in Fighting
 50745 | Vaults:5 | Identified the Tome of Harmful Envenoming
 50903 | Vaults:5 | Got a glittering silver amulet
 50904 | Vaults:5 | Identified the amulet "Egaf" {Inacc rElec rF+ MP+9 Dex+4}
                  | (You found it on level 5 of the Vaults)
 51133 | Elf:1    | Entered Level 1 of the Elven Halls
 51218 | Elf:1    | Reached skill level 1 in Evocations
 51411 | Elf:1    | Identified Kikubaaqudgha's Disquisition on Black Rites
 51484 | Elf:1    | Learned a level 4 spell: Airstrike
 51582 | Elf:1    | Identified Fon Saa's Tome of Plaster Cramp
 51597 | Elf:1    | Identified the Handbook of Axaxaxas mlö
 51604 | Elf:1    | Identified the Handbook of Sand
 51760 | Elf:1    | Found the +1 cloak of Starlight {rElec rC+ EV+4 Stlth--}
 51766 | Elf:1    | Identified Sif Muna's Volume of Excruciating Snow
 52386 | Elf:2    | Reached XP level 25. HP: 254/254 MP: 35/35
 52720 | Elf:2    | Reached skill level 10 in Invocations
 52982 | Elf:2    | Found a huge runed translucent gate.
 52982 | Elf:2    | Found a huge runed translucent gate.
 52982 | Elf:2    | Found a huge runed translucent gate.
 52982 | Elf:2    | Found a huge runed translucent gate.
 52989 | Elf:2    | Found a huge runed translucent gate.
 53613 | Elf:3    | Entered Level 3 of the Elven Halls
 53758 | Elf:3    | Found Juwuygry's Armour Shoppe.
 53994 | Elf:3    | Reached skill level 21 in Fighting
 54682 | Elf:3    | Cast into level 2 of the Abyss (a deep elf sorcerer)
 54941 | Abyss:2  | Reached skill level 5 in Evocations
 54952 | Elf:3    | Escaped the Abyss
 54961 | Elf:3    | Reached XP level 26. HP: 179/266 MP: 35/35
 55238 | Elf:3    | Identified the +3 demon trident of Voowiycsu {venom, rPois
                  | Dex+2}
 55247 | Elf:3    | Identified the cursed +3 falchion of the Dead {slice, rN++
                  | Int+2 SInv}
 55248 | Elf:3    | Cast into level 2 of the Abyss (a deep elf demonologist)
 55464 | Elf:3    | Escaped the Abyss
 55665 | Elf:3    | Found the +0 pair of fencer's gloves {Riposte Dex+3}
 55738 | Elf:3    | Got a crude silver ring
 55739 | Elf:3    | Identified the ring "Jinah" {rPois rF+} (You found it on
                  | level 3 of the Elven Halls)
 55752 | Elf:3    | Identified the Volume of Excruciating Earth
 56105 | Depths:1 | Entered Level 1 of the Depths
 56374 | D:15     | Learned a level 3 spell: Summon Guardian Golem
 56384 | Depths:1 | Reached skill level 22 in Fighting
 56691 | Depths:1 | Noticed an ancient lich
 56692 | Depths:1 | Found a gateway to a ziggurat.
 56701 | Depths:1 | Killed an ancient lich
 56732 | Depths:1 | Identified the cursed +1 bardiche "Zestrien" {chop, +Rage}
 56922 | Depths:1 | Found a gateway to Hell.
 57219 | Depths:1 | Identified the Papyrus of Dusty Transmutation
 57266 | Zig:1    | Entered Level 1 of a ziggurat
 57279 | Zig:1    | Identified Fareh's Incunabulum of Dusty Curses
 57287 | Zig:2    | Entered Level 2 of a ziggurat
 57341 | Zig:3    | Entered Level 3 of a ziggurat
 57400 | Zig:4    | Entered Level 4 of a ziggurat
 57467 | Zig:4    | Learned a level 5 spell: Aura of Abjuration
 57468 | Zig:5    | Entered Level 5 of a ziggurat
 57472 | Zig:5    | Noticed a Killer Klown
 57472 | Zig:5    | Noticed a Killer Klown
 57491 | Zig:5    | a Killer Klown changed into an acid blob
 57499 | Zig:5    | Killed a Killer Klown
 57499 | Zig:5    | Reached XP level 27. HP: 167/279 MP: 30/35
 57654 | Zig:6    | Entered Level 6 of a ziggurat
 57669 | Zig:6    | Reached skill level 23 in Fighting
 57773 | Zig:7    | Entered Level 7 of a ziggurat
 57801 | Zig:7    | Reached skill level 10 in Summonings
 57923 | Zig:8    | Entered Level 8 of a ziggurat
 57926 | Zig:8    | Noticed a greater mummy
 57940 | Zig:8    | Killed a greater mummy
 58013 | Zig:8    | Identified the Collected Works on Cloudy Bewitchment
 58033 | Zig:9    | Entered Level 9 of a ziggurat
 58105 | Zig:9    | Found the +7 lajatang of Order {silver, rMut}
 58122 | Zig:9    | Reached skill level 10 in Spellcasting
 58131 | Zig:9    | Identified the Disquisition on Creative Augmentations
 58247 | Zig:10   | Entered Level 10 of a ziggurat
 58252 | Zig:10   | Noticed Fakhif the pandemonium lord
 58253 | Zig:10   | Noticed a Killer Klown
 58253 | Zig:10   | Noticed Kinlo the pandemonium lord
 58256 | Zig:10   | Noticed a Killer Klown
 58272 | Zig:10   | HP: 6/282 [quicksilver dragon (shapeshifter)/bolt of
                  | dispelling energy (40)]
 58272 | Zig:10   | Slain by Kinlo the pandemonium lord

Levels and vault maps discovered:
D:1:      ebering_trefoil_twist, layout_basic
D:2:      layout_rooms, lemuel_doored_altar, uniq_sigmund, uniq_jessica
D:3:      layout_loops_ring, nicolae_overflow_crystal_walls, bloody_makhleb,
          nicolae_overflow_hidden_temple, first_ration, minmay_unequal
D:4:      layout_loops_corners, zin_statuary, minmay_temple_entry_offerings,
          minmay_snake_closets, uniq_blork_the_orc
D:5:      layout_basic, kennysheep_mini_moat, kennysheep_small_circle,
          uniq_duvessa
D:6:      wad_river_or_something, layout_loops_ring
D:7:      layout_layer_cave, yredelemnul_altar_generic,
          lemuel_coloured_pillars_altar, gammafunk_ghost_split
D:8:      layout_cave_pods, nemelex_xobeh_ov_fountains_minmay,
          grunt_dithmenos_smoke_and_mirrors, grunt_ogre_cave,
          okawaru_altar_gauntlet_db
D:9:      layout_irregular_city, cheibriados_altar_1, erik_lair_orcish_takeover,
          minmay_circle_x
D:10:     layout_loops_ring
D:11:     minmay_the_grid_triangle_9x9_recursive_2_mashed
          [minmay_the_grid_triangle_9x9_prize_center,
          minmay_the_grid_triangle_9x9_zippers_vertical,
          minmay_the_grid_triangle_9x9_minimal,
          minmay_the_grid_triangle_9x9_subtriangle], layout_long_grid,
          portal_ice_cave_entry_animals_and_master, serial_shops,
          kennysheep_little_box, uniq_erolcha, uniq_urug
D:12:     layout_cave_pods, erik_orc_4
D:13:     layout_roguey, kennysheep_crisscross, nicolae_island_escapes,
          uniq_snorg
D:14:     layout_small_grid, david_vaults_3, minivault_24,
          nicolae_gozag_seed_capital
D:15:     hangedman_depths_entry_civil_slaughter, layout_long_grid,
          roderic_serpentine_path
Lair:1:   layout_hall_layers, st_stairs_8, grunt_megastairs_5,
          minmay_lair_oklob_chamber
Lair:2:   layout_layer_cave
Lair:3:   layout_chaotic_city, minmay_snake_entry_spellcaster,
          ebering_ghost_inner_flame, minivault_27
Lair:4:   layout_roguey, swamp_mist, uniq_sonja
Lair:5:   layout_long_grid, basic_altar, wad_woods_03
Lair:6:   minmay_lair_end_enchanted_forest, layout_loops_ring,
          minmay_slime_entry_pillars, gauntlet_entry_generic
Swamp:1:  layout_falls_marsh, basic_altar
Swamp:2:  layout_basic_swamp, gammafunk_ghost_cemetery, nicolae_swamp_treefoil,
          swamp_pool5, hangedman_swamp_lotus, hangedman_swamp_wriggling,
          infiniplex_staircase_pool_2
Swamp:3:  layout_basic_swamp, evilmike_swamp_ruin_house_1, swamp_pool1,
          nicolae_swamp_trees_clearing, st_swamp_mini
Swamp:4:  swamp, layout_basic_swamp, swamp_pool3, uniq_roxanne, uniq_aizul,
          uniq_donald, uniq_bai_suzhen, uniq_louise
Snake:1:  layout_misc_corridors
Snake:2:  layout_gridlike, serial_bayou_shore_a
Snake:3:  layout_misc_corridors, basic_altar, serial_bayou_shore_b,
          minmay_shop_grove
Snake:4:  snake_hunt, layout_concentric_octagons, st_stairs_10
Orc:1:    layout_caves, mines2_lemuel
Orc:2:    pf_orc_diabolical, layout_caves, basic_altar, minmay_orc_temple_c,
          uniq_rupert
Elf:1:    cheibrodos_wizards_tower, layout_gridlike, minmay_elf_necromancy,
          hex_large, st_stairs_8, bh_hangedman_babel_library
Elf:2:    layout_onion_city
Elf:3:    minmay_elf_hall_four_x, layout_geoelf_grid, serial_shops, shop_statue
Vaults:1: nicolae_vaults_network_star, nicolae_vaults_windows_and_doors_thing,
          nicolae_vaults_big_angled_halls, vaults_dpeg_doors,
          grunt_vaults_hallway_long, nicolae_vaults_network_periphery,
          grunt_vaults_bifocal, hangedman_vaults_slice, vaults_room_semicircle,
          hangedman_vaults_slice, grunt_vaults_diagonal, grunt_vaults_funnel,
          grunt_vaults_hallway_short, ontoclasm_vaults_twist, vaults_dpeg_hooks,
          vaults_dpeg_diagonal, layout_vaults_ring, serial_shops,
          nicolae_shop_statue_plus, shop, shop, shop, shop
Vaults:2: v_misc_13, hangedman_vaults_locks, nicolae_vaults_angled_halls,
          ontoclasm_vaults_fault, vaults_room_large_hall,
          minmay_crypt_entry_simple_sparse, ontoclasm_vaults_pinch,
          vaults_room_stairs_pillars, hangedman_vaults_stretched_pinwheel,
          ontoclasm_vaults_loading_screen, vaults_room_hangedman_quadrants,
          layout_vaults_quadrants, infiniplex_enter_wizlab_glasses,
          serial_shops, shop, portal_desolation_entry_nicolae_slug, uniq_sojobo
Vaults:3: v_misc_33, v_misc_29, v_misc_11, nicolae_vaults_little_squares_3,
          ontoclasm_vaults_shuriken, st_octagons_2, v_rooms_3,
          nicolae_vaults_little_squares_6, nicolae_vaults_rhombus_5,
          vaults_room_semicircle, nicolae_vaults_little_squares_2,
          layout_vaults_maze_snakey, serial_shops, shop
Vaults:4: v_misc_12, nicolae_vaults_sealed_display, st_cross,
          grunt_vaults_focal, v_misc_31, vaults_mumra_hex,
          hangedman_vaults_stream, nicolae_vaults_asterisk, v_pattern_5,
          ontoclasm_vaults_ligature, layout_vaults_big_cross
Vaults:5: serial_shops
Depths:1: evilmike_cross, layout_cave_pools, enter_ziggurat_c,
          solitary_fountain, hell_entry, horrible_house_mu
Zig:10

Skill      XL: |  1  2  3  4  5  6  7  8  9 10 11 12 13 14 15 16 17 18 19 20 21 22 23 24 25 26 27 |
---------------+----------------------------------------------------------------------------------+-----
Shields        | 4 5 7 8 9 10 11 13 14 15 | 15.0
Axes           | 3 4 5 6 7 8 10 11 12 13 15 16 17 18 19 20 | 20.0
Armour         | 4 5 6 7 8 9 10 12 13 14 15 16 17 18 19 20 21 | 21.4
Fighting       | 4 5 6 7 8 9 10 11 12 13 14 15 17 18 20 21 22 23 | 23.2
Throwing       | 1 2 5 7 9 10 11 12 13 14 | 14.0
Invocations    | 4 7 8 9 10 11 | 11.0
Charms         | 3 4 5 6 |  6.4
Spellcasting   | 3 4 5 8 10 | 10.3
Air Magic      | 3 5 6 7 8 9 |  9.5
Summonings     | 4 6 8 9 11 | 11.3
Evocations     | 2 5 |  5.2

Action                   |  1- 3 |  4- 6 |  7- 9 | 10-12 | 13-15 | 16-18 | 19-21 | 22-24 | 25-27 || total
-------------------------+-------+-------+-------+-------+-------+-------+-------+-------+-------++-------
Melee: War axe           |    82 |   154 |   331 |   335 |   430 |       |       |       |       ||  1332
       Broad axe         |       |       |       |    61 |       |       |       |       |       ||    61
       Battleaxe         |       |       |       |       |   420 |   695 |   886 |   719 |   752 ||  3472
       Unarmed           |       |       |       |       |     6 |       |       |       |       ||     6
       Staff             |       |       |       |       |       |       |       |       |     4 ||     4
Throw: Boomerang         |       |       |    41 |    78 |   142 |   363 |   137 |    10 |    89 ||   860
       Dart              |       |       |       |    61 |    87 |     7 |     6 |       |       ||   161
       Throwing net      |       |       |       |     1 |       |       |       |       |       ||     1
       Javelin           |       |       |       |       |       |    26 |     6 |    14 |    19 ||    65
 Cast: Song of Slaying   |       |       |       |       |       |     5 |    19 |    49 |    36 ||   109
       Summon Lightning  |       |       |       |       |       |       |       |       |    11 ||    11
       Summon Guardian G |       |       |       |       |       |       |       |       |    10 ||    10
       Aura of Abjuratio |       |       |       |       |       |       |       |       |     1 ||     1
Invok: Elemental Force   |       |       |     2 |     4 |     8 |     5 |     5 |       |     5 ||    29
       Disaster Area     |       |       |       |       |       |       |       |       |     2 ||     2
 Abil: Shaft Self        |       |       |     1 |       |       |       |       |       |       ||     1
       Dig               |       |       |       |       |       |       |       |       |     1 ||     1
Evoke: Wand              |       |       |       |       |     1 |       |     1 |       |       ||     2
       Box of beasts     |       |       |       |       |       |       |       |       |     1 ||     1
  Use: Scroll            |     5 |     1 |     6 |    12 |    13 |    11 |     8 |     4 |    17 ||    77
       Potion            |       |     2 |     1 |     1 |     3 |     1 |     3 |     1 |     9 ||    21
 Stab: Distracted        |       |       |       |     1 |       |     1 |     1 |       |     5 ||     8
       Held in net/web   |       |       |       |     2 |       |       |       |       |       ||     2
       Paralysed         |       |       |       |       |     1 |       |       |       |       ||     1
  Eat: Chunk             |     1 |     4 |    13 |    20 |    33 |    14 |    18 |    12 |    17 ||   132
       Ration            |       |     1 |     1 |     1 |     2 |     6 |     4 |     3 |     1 ||    19
Armor: Scale mail        |    29 |    66 |    42 |       |       |       |       |       |       ||   137
       Plate armour      |       |       |    98 |   114 |   173 |   285 |   282 |   182 |   211 ||  1345
       Chain mail        |       |       |       |    39 |    88 |       |       |       |       ||   127
       Skin              |       |       |       |       |       |       |       |       |    17 ||    17
Dodge: Dodged            |    29 |    46 |    79 |    89 |   139 |   142 |   105 |    73 |   138 ||   840
       Deflected         |       |       |     1 |     4 |     9 |    36 |    17 |    21 |    14 ||   102
Block: Shield            |    52 |   114 |   283 |   371 |   675 |   598 |       |       |       ||  2093
       Reflection        |       |       |       |       |     1 |   136 |   134 |   130 |    91 ||   492
       Large shield      |       |       |       |       |       |   260 |   990 |   739 |   842 ||  2831
       Rpst.: Battleaxe  |       |       |       |       |       |       |       |       |     1 ||     1

Table legend:
 A = Non-vault XP
 B = Vault XP
 C = Vault XP percentage of total XP
 D = Non-vault monster count
 E = Vault monster count
 F = Vault count percentage of total count
                 A         B        C        D         E       F
            +---------+---------+-------+---------+---------+-------
      Total |  610108 |  489151 |  44.5 |    1406 |     741 |  34.5
            +---------+---------+-------+---------+---------+-------
        D:1 |      60 |       0 |   0.0 |      34 |       0 |   0.0
        D:2 |      21 |      37 |  63.8 |      12 |       1 |   7.7
        D:3 |     137 |       3 |   2.1 |      32 |       2 |   5.9
        D:4 |     323 |     225 |  41.1 |      16 |      12 |  42.9
        D:5 |     354 |       2 |   0.6 |      12 |       1 |   7.7
        D:6 |     790 |     237 |  23.1 |      21 |       5 |  19.2
        D:7 |     315 |    1658 |  84.0 |      13 |       4 |  23.5
        D:8 |    1913 |     531 |  21.7 |      24 |       9 |  27.3
        D:9 |    1598 |     842 |  34.5 |      20 |      12 |  37.5
       D:10 |    2691 |     652 |  19.5 |       8 |       4 |  33.3
       D:11 |    3288 |    5828 |  63.9 |      34 |      15 |  30.6
       D:12 |    7756 |     609 |   7.3 |      43 |      18 |  29.5
       D:13 |    2262 |    1090 |  32.5 |      15 |       1 |   6.2
       D:14 |   11370 |    6095 |  34.9 |      39 |      20 |  33.9
       D:15 |   17560 |    4740 |  21.3 |      43 |       6 |  12.2
     Lair:1 |    5266 |    1306 |  19.9 |      25 |       4 |  13.8
     Lair:2 |    5317 |       0 |   0.0 |      25 |       0 |   0.0
     Lair:3 |    8315 |    1650 |  16.6 |      35 |       3 |   7.9
     Lair:4 |    2029 |     802 |  28.3 |       9 |       1 |  10.0
     Lair:5 |    2695 |     997 |  27.0 |      15 |       3 |  16.7
     Lair:6 |    9886 |    8589 |  46.5 |      29 |      45 |  60.8
    Swamp:1 |   16070 |       0 |   0.0 |      42 |       0 |   0.0
    Swamp:2 |   10045 |    1707 |  14.5 |      28 |       9 |  24.3
    Swamp:3 |   21240 |    4557 |  17.7 |      47 |       7 |  13.0
    Swamp:4 |   12661 |   27993 |  68.9 |      25 |      27 |  51.9
    Snake:1 |   14324 |       0 |   0.0 |      24 |       0 |   0.0
    Snake:2 |   10048 |       0 |   0.0 |      16 |       0 |   0.0
    Snake:3 |   14785 |    3909 |  20.9 |      28 |       3 |   9.7
    Snake:4 |   20921 |   47556 |  69.4 |      40 |      61 |  60.4
      Orc:1 |    1664 |      41 |   2.4 |      29 |       1 |   3.3
      Orc:2 |    1692 |   20357 |  92.3 |      21 |      81 |  79.4
      Elf:1 |   16035 |   14345 |  47.2 |      28 |      17 |  37.8
      Elf:2 |   23002 |   28343 |  55.2 |      36 |      34 |  48.6
      Elf:3 |   13867 |   51297 |  78.7 |      22 |      35 |  61.4
   Vaults:1 |   29206 |   25483 |  46.6 |      53 |      43 |  44.8
   Vaults:2 |   41067 |   18859 |  31.5 |      72 |      16 |  18.2
   Vaults:3 |   24625 |   20476 |  45.4 |      32 |      47 |  59.5
   Vaults:4 |   41031 |   48500 |  54.2 |      58 |      54 |  48.2
   Vaults:5 |   57611 |   89377 |  60.8 |      83 |      73 |  46.8
   Depths:1 |   48677 |   28512 |  36.9 |      73 |      22 |  23.2
    Abyss:2 |   34778 |       0 |   0.0 |      68 |       0 |   0.0
      Zig:1 |    1766 |       0 |   0.0 |       1 |       0 |   0.0
      Zig:2 |    1035 |       0 |   0.0 |       3 |       0 |   0.0
      Zig:3 |    5683 |       0 |   0.0 |       3 |       0 |   0.0
      Zig:4 |    5683 |       0 |   0.0 |      11 |       0 |   0.0
      Zig:5 |   10331 |       0 |   0.0 |       4 |       0 |   0.0
      Zig:6 |    9398 |       0 |   0.0 |       6 |       0 |   0.0
      Zig:7 |   11515 |       0 |   0.0 |       8 |       0 |   0.0
      Zig:8 |   11780 |       0 |   0.0 |      17 |       0 |   0.0
      Zig:9 |   10356 |       0 |   0.0 |      18 |       0 |   0.0
     Zig:10 |    5266 |       0 |   0.0 |       6 |       0 |   0.0
     WizLab |       0 |   15391 | 100.0 |       0 |      31 | 100.0
   Gauntlet |       0 |    6555 | 100.0 |       0 |      14 | 100.0
            +---------+---------+-------+---------+---------+-------
